 Dungeon Crawl Stone Soup version 0.26.1-2-gb8aa6d0cf2 (webtiles) character file.

Game seed: 1067939178205621392

334176 olmar the Hoplite (level 21, -11/147 HPs)
             Began as a Gargoyle Fighter on Mar 16, 2021.
             Was an Initiate of Gozag.
             Mangled by a stone giant (30 damage)
             ... on level 4 of the Vaults on Mar 20, 2021.
             The game lasted 01:55:51 (47135 turns).

olmar the Hoplite (Gargoyle Fighter)               Turns: 47135, Time: 01:55:52

Health: -11/147    AC: 31    Str: 35    XL:     21   Next: 83%
Magic:  21/21      EV:  9    Int:  8    God:    Gozag
Gold:   11352      SH: 30    Dex:  4    Spells: 20/20 levels left

rFire    + + .     SeeInvis +   A - +7 eveningstar of the Unspeakable One {drain, Will+}
rCold    + + +     Faith    .   x - +0 tower shield {reflect}
rNeg     + + +     Spirit   .   r - +0 chain mail of a volcano {Harm Rampage rC++ Int-3}
rPois    ∞         Reflect  +   Z - +2 helmet {SInv}
rElec    +         Harm     +   l - scarf {rC+ rF+}
rCorr    .         Rampage  +   (no gloves)
Will     +++++                  E - +0 pair of boots
Stlth    ..........             F - amulet "Kevamezi" {Reflect rElec rN+ Will++ Dex-5 SH+5}
HPRegen  0.34/turn              i - ring "Wiofy" {*Drain rN+ Will+ Str+2}
MPRegen  0.17/turn              c - ring of Teddiply {rF+ Str+5}

@: flying, studying Armour
A: big wings, blurry vision 1, deformed body, negative energy resistance 1,
electricity resistance, unbreathing, petrification resistance, miasma immunity,
AC +16
}: 2/15 runes: barnacled, gossamer
a: Stop Flying, Renounce Religion, Potion Petition, Call Merchant, Bribe Branch


You were on level 4 of the Vaults.
You worshipped Gozag.
Gozag was extremely pleased with you.
You visited 8 branches of the dungeon, and saw 39 of its levels.
You visited the Abyss 1 time.
You visited 2 bazaars.
You also visited: Ice Cave.

You collected 17368 gold pieces.
You spent 5925 gold pieces at shops.
You paid 91 gold pieces to Gozag.

Inventory:

Hand Weapons
 b - the +8 morningstar of Gloom {vorpal, rPois}
   (You found it on level 3 of the Spider Nest)

   It inflicts extra damage upon your enemies.
   It protects you from poison.
 q - a +0 antimagic eveningstar
 A - the +7 eveningstar of the Unspeakable One (weapon) {drain, Will+}
   (You acquired it on level 13 of the Dungeon)

   A truly terrible weapon, it drains the life of those it strikes.
   It affects your willpower, your defense against some magical effects.
Armour
 l - a scarf of resistance (worn)
 r - the +0 chain mail of a volcano (worn) {Harm Rampage rC++ Int-3}
   (You bought it in a shop on level 8 of the Dungeon)

   It affects your intelligence (-3).
   It greatly protects you from cold.
   It increases damage dealt and taken.
   It bestows one free step when moving towards enemies.
 x - a +0 tower shield of reflection (worn)
 E - a +0 pair of boots (worn)
 Z - a +2 helmet of see invisible (worn)
Jewellery
 c - the ring of Teddiply (right hand) {rF+ Str+5}
   (You took it off a deep elf blademaster on level 3 of the Elven Halls)

   [ring of protection from fire]

   It affects your strength (+5).
   It protects you from fire.
 g - an uncursed ring of resist corrosion
 i - the ring "Wiofy" (left hand) {*Drain rN+ Will+ Str+2}
   (You took it off a deep elf annihilator on level 3 of the Elven Halls)

   [ring of positive energy]

   It affects your strength (+2).
   It protects you from negative energy.
   It affects your willpower, your defense against some magical effects.
   It causes draining when unequipped.
 t - an uncursed ring of protection from fire
 F - the amulet "Kevamezi" (around neck) {Reflect rElec rN+ Will++ Dex-5 SH+5}
   (You acquired it on level 2 of the Elven Halls)

   [amulet of reflection]

   It shields you and reflects attacks.
   It affects your dexterity (-5).
   It insulates you from electricity.
   It protects you from negative energy.
   It affects your willpower, your defense against some magical effects.
   It affects your SH (+5).
 K - the ring of Etowkede {rN+ MP+9 Str+4 Int-3}
   (You took it off a deep elf master archer on level 3 of the Elven Halls)

   [ring of magical power]

   It affects your strength (+4).
   It affects your intelligence (-3).
   It protects you from negative energy.
   It affects your magic capacity (+9).
 U - an uncursed ring of willpower
Wands
 a - a wand of iceblast (69)
 d - a wand of polymorph (35)
 j - a wand of random effects (35)
 k - a wand of disintegration (18)
 B - a wand of flame (16)
 D - a wand of digging (29)
 H - a wand of acid (10)
 M - a wand of paralysis (13)
 V - a wand of enslavement (23)
Scrolls
 h - 5 scrolls of teleportation
 m - 13 scrolls of enchant weapon
 n - 9 scrolls of fog
 v - 25 scrolls of remove curse
 G - 2 scrolls of enchant armour
 N - a scroll of silence
 O - 13 scrolls of identify
 Q - 3 scrolls of blinking
 R - 7 scrolls of magic mapping
 S - 2 scrolls of brand weapon
 W - 6 scrolls of fear
Potions
 e - 12 potions of curing
 f - 8 potions of lignification
 s - 2 potions of haste
 w - 3 potions of berserk rage
 z - 4 potions of might
 C - 14 potions of ambrosia
 I - 3 potions of resistance
 J - 4 potions of cancellation
 P - 4 potions of magic
 T - 3 potions of mutation
Books
 p - a manual of Armour
Miscellaneous
 o - a box of beasts
 u - a phial of floods
 y - a tin of tremorstones (2/2)
 L - a lightning rod (inert)
 X - a phantom mirror
 Y - a condenser vane (inert)


   Skills:
 + Level 20.3 Fighting
 + Level 20.3 Maces & Flails
 + Level 16.1 Armour
 + Level 22.3 Shields
 + Level 6.2 Evocations


You had 20 spell levels left.
You didn't know any spells.
Your spell library contained the following spells:

 Spells                   Type           Power        Failure   Level
 Animate Skeleton         Necr           0%           85%         1
 Beastly Appendage        Tmut           0%           85%         1
 Corona                   Hex            0%           85%         1
 Foxfire                  Conj/Fire      0%           85%         1
 Pain                     Necr           0%           85%         1
 Summon Small Mammal      Summ           0%           85%         1
 Call Imp                 Summ           0%           94%         2
 Corpse Rot               Necr/Air       N/A          94%         2
 Ensorcelled Hibernation  Hex/Ice        0%           94%         2
 Wereblood                Tmut           0%           94%         2
 Call Canine Familiar     Summ           0%           99%         3
 Confusing Touch          Hex            0%           99%         3
 Conjure Flame            Conj/Fire      0%           99%         3
 Dazzling Flash           Conj/Hex       0%           99%         3
 Gell's Gravitas          Tloc           0%           99%         3
 Inner Flame              Hex/Fire       0%           99%         3
 Spider Form              Tmut/Pois      0%           99%         3
 Static Discharge         Conj/Air       0%           99%         3
 Summon Guardian Golem    Hex/Summ       0%           99%         3
 Tukima's Dance           Hex            0%           99%         3
 Vampiric Draining        Necr           0%           99%         3
 Animate Dead             Necr           0%           100%        4
 Dispel Undead            Necr           0%           100%        4
 Ice Form                 Ice/Tmut       0%           100%        4
 Petrify                  Tmut/Erth      0%           100%        4
 Sticky Flame             Conj/Fire      0%           100%        4
 Summon Ice Beast         Ice/Summ       0%           100%        4
 Summon Lightning Spire   Summ/Air       0%           100%        4
 Agony                    Necr           0%           100%        5
 Blade Hands              Tmut           0%           100%        5
 Excruciating Wounds      Necr           0%           100%        5
 Fireball                 Conj/Fire      0%           100%        5
 Irradiate                Conj/Tmut      0%           100%        5
 Lightning Bolt           Conj/Air       0%           100%        5
 Metabolic Englaciation   Hex/Ice        0%           100%        5
 Silence                  Hex/Air        0%           100%        5
 Yara's Violent Unravell  Hex/Tmut       0%           100%        5
 Conjure Ball Lightning   Conj/Air       0%           100%        6
 Hydra Form               Tmut           0%           100%        6
 Dragon Form              Tmut           0%           100%        7
 Ignition                 Fire           0%           100%        8
 Shatter                  Erth           0%           100%        9
 Tornado                  Air            0%           100%        9
 Sublimation of Blood     Necr           Unusable     N/A         2
 Statue Form              Tmut/Erth      Unusable     N/A         6

Dungeon Overview and Level Annotations

Branches:
Dungeon (15/15)            Temple (1/1) D:5            Lair (6/6) D:9
 Shoals (4/4) Lair:3       Spider (4/4) Lair:4        Slime (0/5) Lair:6
    Orc (2/2) D:10            Elf (3/3) Orc:2        Vaults (3/5) D:13
  Crypt (0/3) Vaults:3     Depths (0/5) D:15          IceCv (visited)

Altars:
Ashenzari
Cheibriados
Dithmenos
Elyvilon
Fedhas
Gozag
Hepliaklqana
Kikubaaqudgha
Makhleb
Okawaru
Qazlal
Ru
Sif Muna
Trog
Uskayaw
Vehumet
Wu Jian
Xom
Yredelemnul
Zin
The Shining One
Beogh

Shops:
D:6 (*   D:7 (   D:8 ?[   D:9 (   D:11 *   D:12 *   Orc:2 [*:(   Elf:3 *

Annotations:
Lair:5 exclusion: oklob plant
Spider:1 1 runed translucent door, buriedalive's ghost, adept DECj
Spider:2 1 runed translucent door, Soenagg's ghost, adept HOFi
Elf:2 3 runed translucent doors


Innate Abilities, Weirdness & Mutations

You are resistant to torment.
Your stone body is resilient. (AC +16)
You are immune to poison.
Your large and strong wings let you fly indefinitely.
You resist negative energy. (rN+)
You are resistant to electric shocks. (rElec)
You can survive without breathing.
You are immune to petrification.
You are immune to miasma.
Scrolls take you a little longer to read.
Armour fits poorly on your strangely shaped body.


Message History

The large rock hits the stone giant!
You see here 6 gold pieces.
You see here 7 gold pieces.
Unknown command.
The stone giant throws a large rock.
The large rock hits you!!
* * * LOW HITPOINT WARNING * * *
You see here a large rock.
Unknown command.
You rampage towards the stone giant!
The stone giant throws a large rock.
The large rock hits you!
* * * LOW HITPOINT WARNING * * *
You see here a large rock.
Unknown command.
You feel better.
Okay, then.
You barely miss the stone giant.
The stone giant is lightly wounded.
The stone giant hits you!!
You die...
Your body crumbles into a pile of gold.

################+##
#..................
#..........@C......
#....$..(......(...
#...$$.$$..........
#....$.))..........
####+####)########'
......$).#
...###$))# #.#).#
#..$#.#


You could see a stone giant.

Vanquished Creatures
  The ghost of Vatovie the Slayer, a veteran MiFi of Makhleb (Vaults:1)
  2 deep elf blademasters (Elf:3)
  A tentacled starspawn (Abyss:2)
  Polyphemus (Shoals:4)
  Gastronok (D:9)
  4 deep elf master archers (Elf:3)
  A lich (Vaults:4)
  A kraken (Shoals:3)
  Kirke (Shoals:3)
  Donald (Shoals:4)
  2 fire giants
  7 vault wardens
  4 ghost moths
  Aizul (Shoals:3)
  An orc warlord (Orc:1)
  5 deep elf sorcerers (Elf:3)
  7 emperor scorpions
  4 deep elf elementalists (Elf:3)
  A curse skull (Vaults:3)
  Louise (Shoals:1)
  2 ghouls (D:14)
  A draconian annihilator (Abyss:2)
  6 ironheart preservers
  A stone giant (Vaults:4)
  A very ugly thing (Abyss:2)
  4 entropy weavers
  4 deep elf demonologists
  Azrael (Spider:3)
  8 deep elf annihilators
  4 merfolk javelineers
  7 merfolk impalers
  6 deep elf death magi
  A deep elf high priest (Elf:3)
  3 great orbs of eyes
  3 yaktaur captains
  Harold (Lair:1)
  2 ice dragons (IceCv)
  8 merfolk aquamancers
  9 vault guards
  7 hydras
  5 boulder beetles
  An ogre mage (Vaults:4)
  7 centaur warriors
  A merfolk avatar (Shoals:1)
  2 satyrs (Shoals:2)
  2 catoblepae
  2 death knights (Vaults:1)
  4 tengu warriors
  6 two-headed ogres
  13 death yaks
  4 orc high priests
  12 deep elf knights
  A soul eater (Vaults:3)
  A fire crab (shapeshifter) (D:11)
  A spatial maelstrom (Abyss:2)
  A shadow wraith (Vaults:1)
  6 skeletal warriors
  3 unseen horrors
  A glowing orange brain (Vaults:3)
  3 sixfirhies (Abyss:2)
  3 wizards (D:13)
  A goliath frog (shapeshifter) (Elf:3)
  2 deep trolls
  13 sea snakes
  3 ironbrand convokers
  8 deep elf archers
  14 harpies
  11 orc knights
  A wolf spider zombie (D:14)
  26 wolf spiders
  2 necromancers
  8 fauns
  16 orb spiders
  47 ugly things
  2 salamanders (shapeshifter)
  11 cyclopes
  45 deep elf magi
  13 manticores
  6 moths of wrath
  5 orc sorcerers
  A guardian serpent (Orc:1)
  22 elephants
  9 merfolk sirens
  Maurice (D:9)
  2 ice statues (IceCv)
  6 water nymphs
  3 black mambas
  4 gargoyles
  4 torpor snails
  Maggie (D:9)
  3 large abominations (Abyss:2)
  8 vault sentinels
  A rime drake (shapeshifter) (Vaults:1)
  12 cane toads
  4 rime drakes
  2 kobold demonologists (D:12)
  14 demonic crawlers
  4 komodo dragons
  An ancient zyme (Abyss:2)
  4 freezing wraiths
  13 yaktaurs
  A harpy zombie (D:14)
  5 trolls
  18 merfolk
  4 tengu conjurers
  36 jumping spiders
  Grinder (D:5)
  9 polar bears
  A tyrant leech (shapeshifter) (Vaults:1)
  6 blink frogs (Lair:6)
  4 wind drakes
  25 slime creatures
  A queen bee (Lair:2)
  6 dream sheep
  10 hornets
  8 snapping turtles
  3 air elementals (Elf:1)
  A centaur simulacrum (D:12)
  31 tarantellas
  A spriggan (shapeshifter) (Vaults:3)
  17 water elementals
  4 shadows
  A wyvern (Lair:4)
  2 vampires
  71 redbacks
  14 spriggans (Lair:6)
  18 humans (D:13)
  5 basilisks
  10 fire elementals
  59 yaks
  A hog (shapeshifter) (Vaults:1)
  6 hogs (Shoals:3)
  6 wargs
  A spatial vortex (Abyss:2)
  An acid dragon (Vaults:1)
  2 hell hounds (Spider:3)
  15 water moccasins
  21 ice beasts
  37 orc warriors
  5 sky beasts
  A hornet zombie (D:15)
  2 phantoms
  4 black bears
  14 ogres
  A black bear (shapeshifter) (Elf:2)
  3 eyes of draining
  An ogre (shapeshifter) (Vaults:3)
  21 centaurs
  An eye of draining (shapeshifter) (D:14)
  26 wolves
  7 boggarts
  21 bullfrogs
  3 big kobolds
  Blork the orc (D:4)
  4 earth elementals
  Dowan (D:7)
  2 wyvern zombies (D:14)
  2 wyvern skeletons
  26 killer bees
  6 scorpions
  4 wights (D:13)
  An electric eel (Spider:4)
  2 bullfrog zombies
  4 centaur zombies
  4 crimson imps (D:3)
  A howler monkey (D:4)
  2 quasits
  7 hounds
  A human simulacrum (Vaults:1)
  9 jellies
  A bullfrog skeleton (D:6)
  28 orc priests
  27 orc wizards
  3 centaur skeletons
  Jessica (D:3)
  Ijyb (D:3)
  11 hell rats
  4 iguanas
  10 worker ants
  2 mummies (D:14)
  Robin (D:3)
  4 gnolls (D:5)
  A worker ant zombie (D:8)
  11 adders
  2 white imps
  2 ufetubi (D:5)
  An ooze (D:6)
  A worm (D:3)
  10 dart slugs
  3 leopard geckos
  119 orcs
  8 bats
  5 giant cockroaches
  24 goblins
  9 hobgoblins
  4 jackals
  24 kobolds
  3 quokkas
  5 frilled lizards
  A leopard gecko zombie (D:6)
  A quokka skeleton (D:8)
  7 rats
  A plant (Shoals:3)
  A tentacle (Shoals:3)
1543 creatures vanquished.

Vanquished Creatures (collateral kills)
  An orc warlord (Orc:2)
  An ironheart preserver (Vaults:1)
  A deep elf annihilator (Elf:3)
  An orc knight (Orc:2)
  An orc warrior (Orc:2)
  An orc wizard (Orc:2)
  An orc priest (Orc:2)
  3 orcs
10 creatures vanquished.

Vanquished Creatures (others)
  A deep elf annihilator (Elf:3)
  A boulder beetle (Vaults:1)
  14 dancing weapons
  An orc knight (Vaults:1)
  An orc sorcerer (Orc:2)
  2 deep elf magi
  A troll (Orc:2)
  An orc warrior (Orc:2)
  An orc priest (Orc:2)
  A bullfrog zombie (D:11)
  An orc wizard (Orc:2)
  An orc (Orc:2)
  A quokka (D:14)
  29 fungi
  69 plants
  2 starspawn tentacles (Abyss:2)
  4 tentacles (Shoals:3)
131 creatures vanquished.

Grand Total: 1684 creatures vanquished

Notes
Turn   | Place    | Note
-------+----------+-------------------------------------------
     0 | D:1      | olmar the Gargoyle Fighter began the quest for the Orb.
     0 | D:1      | Reached XP level 1. HP: 14/14 MP: 1/1
   108 | D:1      | Reached XP level 2. HP: 19/19 MP: 2/2
   288 | D:1      | Reached XP level 3. HP: 17/24 MP: 3/3
   907 | D:2      | Reached skill level 4 in Shields
   913 | D:2      | Reached XP level 4. HP: 28/29 MP: 4/4
  1156 | D:2      | Found a glowing golden altar of the Shining One.
  1614 | D:3      | Noticed Jessica
  1702 | D:3      | Killed Jessica
  1703 | D:3      | Reached XP level 5. HP: 24/33 MP: 5/5
  1792 | D:3      | Noticed Robin
  1816 | D:3      | Killed Robin
  2079 | D:3      | Noticed a centaur
  2095 | D:3      | Killed a centaur
  2096 | D:3      | Reached XP level 6. HP: 32/38 MP: 6/6
  2143 | D:3      | Found a shimmering altar of Xom.
  2158 | D:3      | Noticed Ijyb
  2188 | D:3      | Killed Ijyb
  2621 | D:3      | Found a shimmering altar of Xom.
  2639 | D:3      | Reached skill level 5 in Shields
  2780 | D:3      | Reached XP level 7. HP: 42/43 MP: 7/7
  2951 | D:3      | Reached skill level 5 in Maces & Flails
  3189 | D:4      | Noticed Blork the orc
  3199 | D:4      | Killed Blork the orc
  3256 | D:4      | Reached skill level 5 in Armour
  4166 | D:4      | Reached XP level 8. HP: 48/48 MP: 8/8
  4744 | D:5      | Entered Level 5 of the Dungeon
  4753 | D:5      | Reached skill level 6 in Shields
  5011 | D:5      | Found a staircase to the Ecumenical Temple.
  5020 | Temple   | Entered the Ecumenical Temple
  5088 | Temple   | Became a worshipper of Gozag Ym Sagoz the Greedy
  5507 | D:5      | Noticed Grinder
  5513 | D:5      | Paralysed by Grinder for 3 turns
  5533 | D:5      | Paralysed by Grinder for 6 turns
  5543 | D:5      | Paralysed by Grinder for 2 turns
  5548 | D:5      | Killed Grinder
  5890 | D:5      | Reached skill level 5 in Fighting
  6441 | D:5      | Reached skill level 7 in Shields
  6441 | D:5      | Reached XP level 9. HP: 40/54 MP: 9/9
  6838 | D:6      | Found a shadowy altar of Dithmenos.
  6923 | D:6      | Found Doghetro's General Store.
  6931 | D:6      | Bought a potion of invisibility for 96 gold pieces
  6950 | D:6      | Found Tayxzon's Weapon Boutique.
  7140 | D:7      | Noticed Duvessa
  7140 | D:7      | Noticed Dowan
  7147 | D:7      | Noticed Duvessa
  7147 | D:7      | Duvessa changed into Duvessa the goblin
  7162 | D:7      | Killed Duvessa the goblin
  7165 | D:7      | Killed Dowan
  7800 | D:7      | Reached skill level 8 in Shields
  7991 | D:7      | Found a snail-covered altar of Cheibriados.
  7995 | D:7      | Found an iron altar of Okawaru.
  7996 | D:7      | Found a hide-covered altar of Uskayaw.
  8222 | D:7      | Found Jaycekin's Antique Weapon Emporium.
  8581 | D:8      | Found a stormy altar of Qazlal.
  8585 | D:8      | Found Vushihu's Armour Shop.
  8591 | D:8      | Bought the cursed +0 chain mail of a volcano {Harm Rampage
                  | rC++ Int-3} for 256 gold pieces
  8615 | D:8      | Noticed a hornet
  8629 | D:8      | Killed a hornet
  8630 | D:8      | Reached skill level 1 in Evocations
  8646 | D:8      | Reached XP level 10. HP: 14/60 MP: 6/10
  8917 | D:8      | Reached skill level 9 in Shields
  9203 | D:8      | Found Dangok's Magic Scroll Shoppe.
  9218 | D:8      | Bought a scroll of remove curse for 42 gold pieces
  9218 | D:8      | Bought a scroll of identify for 28 gold pieces
  9218 | D:8      | Bought a scroll of random uselessness for 14 gold pieces
  9218 | D:8      | Bought a scroll of enchant armour for 105 gold pieces
  9534 | D:9      | Found a staircase to the Lair.
  9689 | D:9      | Noticed a two-headed ogre
  9694 | D:9      | Killed a two-headed ogre
 10039 | D:9      | Noticed Gastronok
 10062 | D:9      | Killed Gastronok
 10063 | D:9      | Reached skill level 10 in Maces & Flails
 10063 | D:9      | Reached XP level 11. HP: 19/67 MP: 4/11
 10305 | D:9      | Identified a scroll of acquirement
 10332 | D:9      | Noticed Maggie
 10348 | D:9      | Killed Maggie
 10349 | D:9      | Reached skill level 10 in Shields
 10459 | D:9      | Found Anut's Antique Weapon Boutique.
 10489 | D:9      | Bought a scorched morningstar for 225 gold pieces
 10490 | D:9      | Identified the +1 morningstar "Hutak" {venom, Int-4 Dex+10}
                  | (You bought it in a shop on level 9 of the Dungeon)
 10544 | D:9      | Noticed Maurice
 10551 | D:9      | Paralysed by Maurice for 5 turns
 10560 | D:9      | Paralysed by Maurice for 2 turns
 10561 | D:9      | Killed Maurice
 10786 | D:10     | Entered Level 10 of the Dungeon
 10961 | D:10     | Found a staircase to the Orcish Mines.
 11706 | D:10     | Found a roughly hewn altar of Beogh.
 12558 | D:11     | Found Zeps's General Store.
 12558 | D:11     | Noticed a two-headed ogre
 12559 | D:11     | Noticed a fire crab
 12567 | D:11     | Killed a two-headed ogre
 12578 | D:11     | Killed a fire crab
 12584 | D:11     | Bought a scroll of fear for 49 gold pieces
 12584 | D:11     | Bought a potion of curing for 42 gold pieces
 12584 | D:11     | Bought a scroll of magic mapping for 49 gold pieces
 13026 | D:12     | Killed an unseen horror
 13027 | D:12     | Reached XP level 12. HP: 74/74 MP: 12/12
 13245 | D:12     | Found Vooledavvokk's Pet Rocks.
 13264 | D:12     | HP: 2/75 [gargoyle/stone arrow (22)]
 13587 | D:12     | Reached skill level 11 in Shields
 13995 | D:12     | Acquired a manual of Fighting
 14040 | D:13     | Noticed a six-headed hydra
 14044 | D:13     | Killed a six-headed hydra
 14167 | D:13     | Noticed a catoblepas
 14177 | D:13     | Killed a catoblepas
 14315 | D:13     | Reached skill level 10 in Armour
 14708 | D:13     | Found a gate to the Vaults.
 14708 | D:13     | Noticed a vault guard
 14708 | D:13     | Noticed a vault guard
 14732 | D:13     | Killed a vault guard
 14771 | D:13     | Cast into level 2 of the Abyss (a wizard)
 14772 | Abyss:2  | Reached skill level 10 in Fighting
 14772 | Abyss:2  | Reached XP level 13. HP: 75/82 MP: 13/13
 14780 | Abyss:2  | Found a corrupted altar of Lugonu.
 14884 | Abyss:2  | Noticed a reaper
 14922 | Abyss:2  | Noticed a green draconian annihilator
 14934 | Abyss:2  | Killed a green draconian annihilator
 14948 | Abyss:2  | Noticed a rakshasa
 14975 | Abyss:2  | Noticed a bone dragon
 15181 | Abyss:2  | Noticed a tentacled starspawn
 15201 | Abyss:2  | Killed a tentacled starspawn
 15202 | Abyss:2  | Reached skill level 12 in Shields
 15233 | Abyss:2  | Noticed a green death
 15253 | Abyss:2  | Noticed a deep elf elementalist
 15281 | Abyss:2  | Found a corrupted altar of Lugonu.
 15531 | Abyss:2  | Noticed a green very ugly thing
 15544 | Abyss:2  | Killed a green very ugly thing
 15564 | D:13     | Escaped the Abyss
 15588 | D:13     | Killed a vault guard
 15767 | Lair:1   | Entered Level 1 of the Lair of Beasts
 15864 | Lair:1   | Found a frozen archway.
 15873 | IceCv    | Entered an ice cave
 16339 | IceCv    | Noticed an ice dragon
 16339 | IceCv    | Noticed an ice dragon
 16358 | IceCv    | Killed an ice dragon
 16370 | IceCv    | Killed an ice dragon
 16371 | IceCv    | Reached skill level 15 in Maces & Flails
 17311 | Lair:1   | Gained mutation: Your large and strong wings let you fly
                  | indefinitely. [Gargoyle growth]
 17311 | Lair:1   | Reached XP level 14. HP: 92/92 MP: 14/14
 17738 | Lair:1   | Noticed Harold
 17753 | Lair:1   | Killed Harold
 17820 | Lair:1   | Found the +8 whip "Snakebite" {curare, rPois}
 17953 | Lair:2   | Found a bloodstained altar of Trog.
 18224 | Lair:2   | Reached skill level 13 in Shields
 19488 | Lair:3   | Found a staircase to the Shoals.
 20524 | Lair:4   | Found a hole to the Spider Nest.
 21352 | Lair:5   | Reached XP level 15. HP: 100/100 MP: 15/15
 21660 | Lair:5   | Reached skill level 14 in Shields
 21684 | Lair:5   | You fall into a shaft and drop 1 floor!
 21684 | Lair:6   | Entered Level 6 of the Lair of Beasts
 22264 | Orc:1    | Entered Level 1 of the Orcish Mines
 22774 | Orc:1    | Noticed Snorg
 22776 | Orc:1    | Noticed an orc warlord
 22884 | Orc:1    | Killed an orc warlord
 23108 | Orc:1    | Noticed Snorg
 23108 | Orc:1    | Snorg changed into Snorg the guardian serpent
 23111 | Orc:1    | Killed Snorg the guardian serpent
 23210 | Orc:1    | Found a roughly hewn altar of Beogh.
 23331 | Orc:2    | Entered Level 2 of the Orcish Mines
 23469 | Orc:2    | Found a staircase to the Elven Halls.
 23481 | Orc:2    | Found a bloodstained altar of Trog.
 23531 | Orc:2    | Noticed an orc warlord
 23545 | Orc:2    | Killed an orc warlord
 23758 | Orc:2    | Paralysed by an orc sorcerer for 3 turns
 23784 | Orc:2    | Found a roughly hewn altar of Beogh.
 23791 | Orc:2    | Reached skill level 15 in Fighting
 23794 | Orc:2    | Found Ylayzo Yzoo's General Store.
 23805 | Orc:2    | Found Reutra's Antique Weapon Boutique.
 24051 | Orc:2    | Found Wisez's Book Boutique.
 24231 | Orc:2    | Found Falof's Antique Armour Boutique.
 25111 | Lair:6   | Reached skill level 15 in Shields
 25300 | Lair:6   | Reached XP level 16. HP: 106/109 MP: 16/16
 25373 | Lair:6   | Found a staircase to the Slime Pits.
 25887 | D:13     | You fall into a shaft and drop 2 floors!
 25887 | D:15     | Entered Level 15 of the Dungeon
 25987 | D:15     | Found a staircase to the Depths.
 27469 | D:14     | Reached skill level 16 in Shields
 27693 | D:14     | Found a white marble altar of Elyvilon.
 28524 | D:13     | Acquired the +7 eveningstar of the Unspeakable One {drain,
                  | Will+}
 28705 | Spider:1 | Entered Level 1 of the Spider Nest
 29203 | Spider:1 | Noticed buriedalive's ghost (adept DECj)
 29204 | Spider:1 | Found a runed translucent door.
 30037 | Spider:2 | Found a runed translucent door.
 30055 | Spider:2 | Reached XP level 17. HP: 98/116 MP: 17/17
 30265 | Spider:2 | You fall into a shaft and drop 1 floor!
 30271 | Spider:3 | Reached skill level 17 in Shields
 30577 | Spider:3 | Noticed Azrael
 30587 | Spider:3 | Killed Azrael
 31045 | Spider:3 | Identified the +8 morningstar of Gloom {vorpal, rPois} (You
                  | found it on level 3 of the Spider Nest)
 31167 | Spider:4 | Entered Level 4 of the Spider Nest
 31489 | Spider:4 | Reached skill level 18 in Shields
 32085 | Spider:4 | Reached XP level 18. HP: 106/124 MP: 18/18
 32303 | Spider:4 | Got a gossamer rune of Zot
 32512 | Spider:2 | Noticed Soenagg's ghost (adept HOFi)
 33119 | Shoals:1 | Entered Level 1 of the Shoals
 33185 | Shoals:1 | Noticed Louise
 33196 | Shoals:1 | Killed Louise
 34541 | Shoals:2 | Reached skill level 19 in Shields
 34989 | Shoals:4 | Entered Level 4 of the Shoals
 35023 | Shoals:4 | HP: 2/124 [barbs]
 35363 | Shoals:3 | Noticed Kirke
 35377 | Shoals:3 | Killed Kirke
 35724 | Shoals:3 | Noticed Aizul
 35736 | Shoals:3 | Killed Aizul
 36091 | Shoals:4 | Noticed Polyphemus
 36264 | Shoals:4 | Reached skill level 5 in Evocations
 36332 | Shoals:4 | Noticed Donald
 36344 | Shoals:4 | Killed Donald
 36519 | Shoals:4 | Identified the cursed ring "Qiggy" {rElec Int-4 Dex+4}
 36540 | Shoals:4 | Reached XP level 19. HP: 75/130 MP: 19/19
 37121 | Shoals:4 | Killed Polyphemus
 37323 | Shoals:4 | Got a barnacled rune of Zot
 37676 | Elf:1    | Entered Level 1 of the Elven Halls
 37819 | Elf:1    | Found a gateway to a bazaar.
 37844 | Bazaar   | Entered a bazaar
 37846 | Bazaar   | Found Ozizied's Assorted Antiques.
 37854 | Bazaar   | Bought a potion of lignification for 57 gold pieces
 37854 | Bazaar   | Bought a scroll of teleportation for 57 gold pieces
 37854 | Bazaar   | Bought a scroll of identify for 38 gold pieces
 37854 | Bazaar   | Bought a wand of iceblast (9) for 76 gold pieces
 37856 | Bazaar   | Found Nephu's Assorted Antiques.
 37857 | Bazaar   | Found Yrad's Antique Weapon Emporium.
 37861 | Bazaar   | Bought a jade-encrusted plate armour for 1036 gold pieces
 37861 | Bazaar   | Bought a scroll of teleportation for 111 gold pieces
 37863 | Bazaar   | Identified the +2 plate armour of the Twenty Shrikes
                  | {*Corrode rPois Slay+2} (You bought it in a shop in a
                  | bazaar)
 37868 | Bazaar   | Found Awunwug's Distillery.
 37876 | Bazaar   | Bought a potion of berserk rage for 45 gold pieces
 37876 | Bazaar   | Bought a potion of lignification for 27 gold pieces
 37876 | Bazaar   | Bought a potion of curing for 27 gold pieces
 37876 | Bazaar   | Bought a potion of berserk rage for 45 gold pieces
 37876 | Bazaar   | Bought a potion of lignification for 27 gold pieces
 37876 | Bazaar   | Bought a potion of haste for 90 gold pieces
 37876 | Bazaar   | Bought a potion of heal wounds for 45 gold pieces
 37876 | Bazaar   | Bought a potion of lignification for 27 gold pieces
 37876 | Bazaar   | Bought a potion of berserk rage for 45 gold pieces
 37924 | Bazaar   | Bought a glowing helmet for 277 gold pieces
 37947 | Bazaar   | Found Duafrin's Gadget Boutique.
 37955 | Bazaar   | Bought a wand of enslavement (12) for 238 gold pieces
 37955 | Bazaar   | Bought a wand of iceblast (10) for 238 gold pieces
 37955 | Bazaar   | Bought a wand of flame (16) for 153 gold pieces
 37955 | Bazaar   | Bought a wand of disintegration (5) for 153 gold pieces
 37955 | Bazaar   | Bought a wand of enslavement (9) for 187 gold pieces
 38819 | Elf:2    | Identified the ring "Usicoxam" {rElec rC+} (You found it on
                  | level 2 of the Elven Halls)
 38917 | Elf:2    | Reached skill level 20 in Shields
 39189 | Elf:2    | Acquired a +0 antimagic eveningstar
 39190 | Elf:2    | Acquired the amulet "Kevamezi" {Reflect rElec rN+ Will++
                  | Dex-5 SH+5}
 39209 | Elf:2    | Acquired a manual of Armour
 39324 | Elf:2    | Found a runed translucent gate.
 39324 | Elf:2    | Found a runed translucent gate.
 39324 | Elf:2    | Found a runed translucent gate.
 39474 | Elf:3    | Entered Level 3 of the Elven Halls
 39474 | Elf:3    | Found Fodwemp's Assorted Antiques.
 40361 | Elf:3    | Reached XP level 20. HP: 139/139 MP: 20/20
 40367 | Elf:3    | Bought a polished plate armour for 1120 gold pieces
 40367 | Elf:3    | Bought a scroll of fear for 140 gold pieces
 40367 | Elf:3    | Bought a scroll of teleportation for 120 gold pieces
 40367 | Elf:3    | Bought a potion of ambrosia for 320 gold pieces
 40367 | Elf:3    | Bought a wand of acid (9) for 320 gold pieces
 40369 | Elf:3    | Identified the +1 plate armour of Hysteria {rPois rF+ rN+
                  | Str+3} (You bought it in a shop on level 3 of the Elven
                  | Halls)
 40549 | Elf:3    | Identified the +6 war axe "Eckoat" {freeze, rElec}
 40620 | Elf:3    | Identified the ring of Teddiply {rF+ Str+5}
 40641 | Elf:3    | Identified the +7 chain mail of Ocuylisk {rN+ Regen+}
 40654 | Elf:3    | Identified the +6 short sword of Puechu {pain, rPois MP-9
                  | Int+6}
 40998 | Elf:3    | Identified the ring of Etowkede {rN+ MP+9 Str+4 Int-3}
 41112 | Elf:3    | HP: 2/139 [deep elf annihilator/crystal spear (94)]
 41948 | Elf:3    | Identified the +9 broad axe of the New World {holy, Str+4
                  | Int+2}
 41948 | Elf:3    | Identified the ring "Wiofy" {*Drain rN+ Will+ Str+2}
 41959 | Elf:3    | Identified the cursed +0 robe "Ycogripp" {Harm rPois rF++
                  | Dex-4}
 41982 | Elf:3    | Reached skill level 15 in Armour
 42238 | Elf:3    | Identified the cursed +1 robe of the Valley {Will- Dex+6}
 42294 | Elf:3    | Reached skill level 21 in Shields
 42322 | Elf:3    | Identified the +2 helmet of Ulitiasa {rElec rF+} (You found
                  | it on level 3 of the Elven Halls)
 43010 | Vaults:1 | Entered Level 1 of the Vaults
 43313 | Vaults:1 | Found a runed translucent gate.
 43314 | Vaults:1 | Found a runed translucent gate.
 43314 | Vaults:1 | Found a runed translucent gate.
 43315 | Vaults:1 | Noticed Vatovie's ghost (veteran MiFi)
 44353 | Vaults:1 | Killed Vatovie's ghost
 44841 | Vaults:1 | Reached XP level 21. HP: 126/145 MP: 21/21
 45052 | Vaults:1 | Found a gateway to a bazaar.
 45065 | Bazaar   | Entered a bazaar
 45065 | Bazaar   | Found Zubyifos's Armour Boutique.
 45065 | Bazaar   | Found Hacesuh's Weapon Shop.
 45065 | Bazaar   | Found Laan's Weapon Shop.
 46011 | Vaults:2 | You are sucked into a shaft and drop 1 floor!
 46238 | Vaults:3 | Reached skill level 22 in Shields
 46372 | Vaults:3 | Found a staircase to the Crypt.
 47002 | Vaults:3 | You are sucked into a shaft and drop 1 floor!
 47070 | Vaults:4 | Gained mutation: Scrolls take you a little longer to read.
                  | [a cacodemon]
 47073 | Vaults:4 | Gained mutation: Armour fits poorly on your strangely
                  | shaped body. [a cacodemon]
 47135 | Vaults:4 | Mangled by a stone giant

Illustrated notes

Levels and vault maps discovered:
D:1:      dpeg_arrival_simpleton_a, layout_basic, minmay_indecisive_spiral
D:2:      layout_rooms, general_overflow_altar
D:3:      layout_loops_cross, lemuel_round_altar, led_xom_imps, uniq_jessica,
          uniq_ijyb, uniq_robin
D:4:      layout_layer_cave, kennysheep_generic_room_3, uniq_blork_the_orc
D:5:      kennysheep_slugbush, layout_basic, minmay_temple_entry_butterflies,
          uniq_grinder
D:6:      layout_layer_cave, nicolae_dithmenos_the_darkroom, serial_shops,
          shop_coins, nicolae_shop_temple_entry_statues_fountains,
          corexii_checkpoint_a
D:7:      layout_gridville, gammafunk_temple_overflow_forgotten, serial_shops,
          kennysheep_mini, uniq_duvessa
D:8:      layout_cave_pools, serial_shops, shop, shop, lemuel_statue_altar
D:9:      layout_loops_corners, lair_entry_dummy, serial_shops, shop,
          uniq_maggie, uniq_maurice, uniq_gastronok
D:10:     layout_basic, minmay_orc_entry_temple_small
D:11:     layout_roguey, serial_shops, shop_fountains
D:12:     layout_rooms, guppyfry_shop_earth
D:13:     layout_cave_pools, grunt_vaults_entry_tiered
D:14:     layout_stronghold, elyvilon_altar_4, serial_undead, serial_undead_e,
          serial_undead_b, serial_undead_d, serial_undead_a
D:15:     grunt_enter_depths_giant_problem, layout_irregular_city,
          minmay_splitting_lines, minmay_misc_feat_hallway
Temple:   eino_temple_scatter_basement
Lair:1:   minmay_guarded_unrand_snakebite, layout_long_grid,
          portal_ice_cave_entry_pillars_1, grunt_megastairs_3, uniq_harold
Lair:2:   layout_roguey, special_room [special_room_bee], basic_altar,
          grunt_forest_stairs_basic, lemuel_fruit_tree
Lair:3:   layout_cave_pods, minmay_shoals_entry_lonely_mermaid
Lair:4:   layout_cave_pods, spider_nest_entry_a, kilobyte_rumbling_trees,
          grunt_megastairs_2
Lair:5:   layout_long_grid, serial_bayou_shore_b, grunt_megastairs_1
Lair:6:   minmay_lair_end_enchanted_forest, layout_long_grid,
          minmay_slime_entry_pillars
Shoals:1: layout_shoals, uniq_louise
Shoals:2: nicolae_shoals_island_circles, layout_shoals
Shoals:3: layout_shoals, uniq_kirke, uniq_aizul
Shoals:4: shoals_end_simple, layout_shoals, nicolae_shoals_water_shrine,
          uniq_polyphemus, uniq_donald
Spider:1: layout_chambers, gammafunk_ghost_grave
Spider:2: layout_spider_delve, gammafunk_ghost_grave
Spider:3: nicolae_spider_mines_1, uniq_azrael
Spider:4: grunt_spider_rune_circles
Orc:1:    layout_caves, minmay_orc_temple_c, uniq_snorg
Orc:2:    grunt_orc_cross, layout_caves, basic_altar
Elf:1:    eino_elf_arrival_customs, layout_geoelf_octagon, serial_shops,
          bzr_entry_islet, minivault_28, minivault_25_ag
Elf:2:    layout_onion_city
Elf:3:    minmay_elf_hall_statues, layout_loops_corners, serial_shops, shop,
          kilobyte_mutagenic_chamber
Vaults:1: gammafunk_vaults_ghost_split, ontoclasm_vaults_eye,
          vaults_mumra_minichess_inversion, nicolae_vaults_diagonal_hallway_6,
          ontoclasm_vaults_claustrophobia, nicolae_vaults_big_ls,
          vaults_room_hallway, v_misc_25, grunt_vaults_bifocal,
          vaults_standard_mumra_x, vaults_dpeg_ring, layout_vaults_omnigrid,
          serial_shops, bzr_entry_customers
Vaults:2: hangedman_vaults_hard_town_square, v_pattern_4, vaults_dpeg_cross,
          ontoclasm_vaults_tryst, nicolae_vaults_little_squares_1,
          vaults_dpeg_diagonal, v_misc_14, hangedman_vaults_corner, v_misc_15,
          v_misc_32, vaults_dpeg_spiral, vaults_dpeg_hooks, layout_vaults_ring,
          serial_shops, bzr_entry_safe
Vaults:3: nicolae_vaults_what_the_h, v_misc_9, ontoclasm_vaults_hangar,
          v_misc_29, v_misc_17, ontoclasm_vaults_hangar,
          minmay_crypt_entry_simple_round, nicolae_vaults_little_squares_4,
          layout_vaults_big_room
Vaults:4: vaults_room_semicircle, v_alt_pattern_2, vaults_mumra_chevron,
          vaults_dpeg_doors, st_squares, ontoclasm_vaults_loading_screen,
          nicolae_vaults_windows_and_doors_thing, ontoclasm_vaults_twist,
          v_misc_1, vaults_dpeg_encased_lava, nicolae_vaults_three_branches,
          v_misc_5, grunt_vaults_funnel, vaults_room_mumra_shop_pool,
          layout_vaults_big_cross

Skill      XL: |  1  2  3  4  5  6  7  8  9 10 11 12 13 14 15 16 17 18 19 20 21 |
---------------+----------------------------------------------------------------+-----
Shields        | 4 5 7 8 9 10 11 12 13 15 16 18 19 20 21 22 | 22.3
Maces & Flails | 3 4 5 7 8 10 12 13 15 16 17 18 19 20 | 20.3
Armour         | 4 5 6 7 8 9 10 11 12 13 14 15 16 | 16.1
Fighting       | 4 5 6 7 8 10 12 13 15 16 17 18 19 20 | 20.3
Evocations     | 1 2 3 5 6 |  6.2

Action                   |  1- 3 |  4- 6 |  7- 9 | 10-12 | 13-15 | 16-18 | 19-21 || total
-------------------------+-------+-------+-------+-------+-------+-------+-------++-------
Melee: Flail             |   113 |   115 |       |       |       |       |       ||   228
       Morningstar       |       |   107 |   603 |   606 |  1385 |   496 |       ||  3197
       Eveningstar       |       |       |       |       |       |   946 |  1179 ||  2125
 Abil: Fly               |       |       |       |       |       |     1 |       ||     1
Evoke: Wand              |       |       |    19 |     8 |    20 |    78 |     1 ||   126
       Phantom mirror    |       |       |       |       |     2 |       |     1 ||     3
       Condenser vane    |       |       |       |       |     2 |     6 |     6 ||    14
       Tin of tremorston |       |       |       |       |     2 |     6 |     5 ||    13
       Phial of floods   |       |       |       |       |       |     1 |     2 ||     3
       Box of beasts     |       |       |       |       |       |       |     1 ||     1
       Lightning rod     |       |       |       |       |       |       |     4 ||     4
  Use: Potion            |       |     2 |     7 |     3 |     3 |     5 |     4 ||    24
       Scroll            |       |       |     1 |    19 |    12 |    10 |    19 ||    61
 Stab: Invisible         |       |       |     3 |     2 |       |       |       ||     5
       Distracted        |       |       |       |     2 |    16 |     8 |     4 ||    30
       Confused          |       |       |       |       |     5 |       |     2 ||     7
       Petrified         |       |       |       |       |       |     6 |       ||     6
Armor: Scale mail        |    77 |   108 |       |       |       |       |       ||   185
       Chain mail        |       |    44 |   514 |   276 |   560 |   589 |   214 ||  2197
Dodge: Dodged            |    34 |    64 |   223 |   122 |   257 |   193 |    89 ||   982
Block: Kite shield       |    86 |   103 |   517 |   322 |   741 |    18 |       ||  1787
       Tower shield      |       |       |       |       |       |  1224 |   942 ||  2166
       Reflection        |       |       |       |       |       |       |    63 ||    63
